 Dungeon Crawl Stone Soup version 0.30-b1-2-g02819fbbbe (webtiles) character file.

Game seed: 13136847074919518661

74 Mesmaeker13 the Insei (level 4, 0/26 (29) HPs)
             Began as an Octopode Transmuter on July 22, 2023.
             Slain by Terence
             ... wielding the +7 Throatcutter {drain, coup de grace}
              (1 damage)
             ... on level 3 of the Dungeon.
             The game lasted 00:05:03 (3152 turns).

Mesmaeker13 the Insei (Octopode Transmuter)         Turns: 3152, Time: 00:05:04

HP:   0/26 (29)     AC:  1    Str:  9    XL:     4   Next: 30%
MP:   6/7           EV: 13    Int: 17    God:
Gold: 131           SH:  0    Dex: 12    Spells: 1/8 levels left

rFire   . .          .
                       - Unarmed
rCold   . . .        (no shield)
rNeg    . . .        (helmet currently unavailable)
rPois   .            (no amulet)
rElec   .            (no ring)
rCorr   .            (no ring)
SInv    .            (no ring)
Will    .....        (no ring)
Stlth   ++           (no ring)
HPRegen 0.24/turn    (no ring)
MPRegen 0.10/turn    (no ring)
                     (no ring)

%: no passive effects
@: appendages, heavily drained
A: tentacle spike 3, almost no armour, amphibious, 8 rings, camouflage 1,
gelatinous body 1, (nimble swimmer 1), tentacles
a: End Transformation


You were on level 3 of the Dungeon.
One of your tentacles had grown a beastly spike.
You visited 1 branch of the dungeon, and saw 4 of its levels.

You collected 131 gold pieces.

Inventory:

Hand Weapons
 f - a +0 quarterstaff
 o - a +2 spear of flaming
Scrolls
 d - a scroll of vulnerability
 g - 2 scrolls of enchant weapon {unknown}
 k - a scroll of fear
 l - 2 scrolls of brand weapon {unknown}
 m - a scroll of immolation {unknown}
 n - a scroll of teleportation
Potions
 a - a potion of lignification
 b - a potion of cancellation
 e - a potion of might {unknown}
 h - 2 potions of mutation {unknown}
 i - a potion of attraction
 j - a potion of curing {unknown}


   Skills:
 + Level 2.1 Fighting
 - Level 2.0 Dodging
 + Level 3.6 Unarmed Combat
 - Level 2.5 Spellcasting
 + Level 2.7 Transmutations
 + Level 0.3 Ice Magic


You had one spell level left.
You knew the following spells:

 Your Spells              Type           Power      Damage    Failure   Level
a - Beastly Appendage     Tmut           22%        N/A       6%          1
b - Wereblood             Tmut           11%        N/A       9%          2
c - Ice Form              Ice/Tmut       7%         N/A       69%         4

Your spell library contained the following spells:

 Spells                   Type           Power      Damage    Failure   Level
 Necrotise                Necr           8%         1d4       19%         1
 Blink                    Tloc           4%         N/A       28%         2
 Spider Form              Tmut/Pois      6%         N/A       30%         3
 Vampiric Draining        Necr           2%         2d6       50%         3
 Manifold Assault         Tloc           2%         N/A       88%         4
 Agony                    Necr           2%         N/A       99%         5
 Storm Form               Tmut/Air       3%         N/A       100%        7


Dungeon Overview and Level Annotations

Branches:
Dungeon (4/15)
 Temple: D:4-7

Altars:
Nemelex Xobeh
Yredelemnul

Shops:
D:4 =

Annotations:
D:3 Terence


Innate Abilities, Weirdness & Mutations

One of your tentacles has grown a beastly spike.
You cannot wear most types of armour.
You are amphibious.
You can wear up to eight rings at the same time.
Your skin changes colour to match your surroundings (Stealth+).
Your rubbery body absorbs attacks. (AC +1, EV +1)
((You are camouflaged when in or above water. (Stealth+)))
You have tentacles for arms and can constrict up to eight enemies at once.


Message History

Things that are here:
a +0 dagger of speed; a goblin skeleton Throw: 5 darts (poison)
Press: ? - help, Q - select action, (/) - cycle Shift-Dir - straight line, f - Terence
Aim: Terence, wielding the +7 Throatcutter {drain, coup de grace} and wearing a +0 ring mail (wandering, hasn't noticed you, 61% to hit)
You throw a poisoned dart. The poisoned dart hits Terence.
Terence shouts!
Throw: 4 darts (poison)
Press: ? - help, Q - select action, (/) - cycle Shift-Dir - straight line, f/p - Terence
Aim: Terence, wielding the +7 Throatcutter {drain, coup de grace} and wearing a +0 ring mail (61% to hit)
You throw a poisoned dart.
The poisoned dart closely misses Terence.
Throw: 3 darts (poison)
Press: ? - help, Q - select action, (/) - cycle Shift-Dir - straight line, f/p - Terence
Aim: Terence, wielding the +7 Throatcutter {drain, coup de grace} and wearing a +0 ring mail (61% to hit)
You throw a poisoned dart. The poisoned dart hits Terence.
Unknown command.
Throw: 2 darts (poison)
Press: ? - help, Q - select action, (/) - cycle Shift-Dir - straight line, f/p - Terence
Aim: Terence, wielding the +7 Throatcutter {drain, coup de grace} and wearing a +0 ring mail (61% to hit)
You throw a poisoned dart. The poisoned dart hits Terence.
Terence is poisoned.
Unknown command.
Throw: dart (poison)
Press: ? - help, Q - select action, (/) - cycle Shift-Dir - straight line, f/p - Terence
Aim: Terence, wielding the +7 Throatcutter {drain, coup de grace} and wearing a +0 ring mail (lightly wounded, poisoned, 61% to hit)
You throw a poisoned dart.
The poisoned dart barely misses Terence.
The poisoned dart hits the withered plant.
Okay, then.
Casting: Beastly Appendage (safe; 6% risk of failure)
Confirm with . or Enter, or press ? or * to list all spells.
One of your tentacles grows a vicious spike.
Terence hits you with the +7 Throatcutter {drain, coup de grace}!!
Ouch! That really hurt!
You feel drained.
* * * LOW HITPOINT WARNING * * *
Terence hits you with the +7 Throatcutter {drain, coup de grace}.
* * * LOW HITPOINT WARNING * * *
You feel drained.
You die...

.).......!.####......#
#########........o...#
##.########@.#### ##.#
######..##.### ##..#
#......o#.#..# ######
#...###.####.#.....##
.....# #####....#
#...P.P..## .######PPP
##..###.#.._..#.# .#
#####
#...@@.((.P.P..## .#
#...#####.((..## .#
#...# #..#.## .# ###
#...# #.#.## .# #.#
#...### #.### .### #!#
#.....# ##.## ...##
##.###...#.# ##.##
....## #...)......#
##.##
..#..###..###.....#
####.#


You could see Terence (poisoned).

Vanquished Creatures
  2 adders
  A worm (D:2)
  A dart slug (D:4)
  An orc (D:4)
  4 endoplasms
  4 giant cockroaches
  8 goblins
  4 hobgoblins
  3 quokkas
  8 ball pythons
  3 bats
  3 frilled lizards
  7 rats
49 creatures vanquished.

Notes
Turn   | Place    | Note
-------+----------+-------------------------------------------
     0 | D:1      | Mesmaeker13 the Octopode Transmuter began the quest for the
                  | Orb.
     0 | D:1      | Reached XP level 1. HP: 13/13 MP: 3/3
   231 | D:1      | Reached XP level 2. HP: 17/18 MP: 3/5
   477 | D:1      | Found a faded altar of an unknown god.
  1117 | D:2      | Learned a level 2 spell: Wereblood
  1206 | D:2      | Reached XP level 3. HP: 20/23 MP: 4/6
  1421 | D:2      | Found a sparkling altar of Nemelex Xobeh.
  1611 | D:2      | Noticed a phantom
  1992 | D:3      | Found a basalt altar of Yredelemnul.
  2080 | D:3      | Noticed Terence
  2235 | D:4      | Reached XP level 4. HP: 29/29 MP: 5/7
  2240 | D:4      | Learned a level 4 spell: Ice Form
  2329 | D:4      | Found Leuvvi Risa's Jewellery Emporium.
  3043 | D:4      | Noticed a phantom
  3152 | D:3      | HP: 1/27 [Terence/the +7 Throatcutter {drain, coup de
                  | grace} (6)]
  3152 | D:3      | Slain by Terence

Illustrated notes

Levels and vault maps discovered:
D:1:      giann_forest_graveyard, layout_basic, shapermc_ecumenical_altar_ellora
D:2:      layout_rooms, basic_altar, chequers_mini_garden, hex_intersection
D:3:      layout_loops_ring, yredelemnul_altar_generic,
          mainiacjoe_overflow_alcove_4, serial_aquarium,
          aquarium_bridge_long_joined [aquarium_subvault_bridge,
          aquarium_subvault_window, aquarium_subvault_bridge,
          aquarium_subvault_bridge, aquarium_subvault_window,
          aquarium_subvault_window], aquarium_window_fake, aquarium_window_3,
          aquarium_window_fake, aquarium_view_2c, uniq_terence
D:4:      layout_layer_cave, serial_shops, shop, minmay_misc_feat_doors

Skill      XL: |  1  2  3 |
---------------+----------+-----
Fighting       | 2 |  2.1
Dodging        | |  2.0
Unarmed Combat | |  3.6
Spellcasting   | |  2.5
Transmutations | |  2.7
Ice Magic      | |  0.3

Action                     |  1- 3 |  4- 6 || total
---------------------------+-------+-------++-------
  Melee: Unarmed           |    74 |    19 ||    93
         Constrict         |    21 |     6 ||    27
         Kick              |    20 |     5 ||    25
         Tentacles         |    15 |     1 ||    16
         Punch             |     3 |     1 ||     4
  Throw: Dart              |     3 |     5 ||     8
   Cast: Beastly Appendage |    34 |     8 ||    42
         Wereblood         |       |     1 ||     1
    Use: Scroll            |     7 |       ||     7
   Stab: Sleeping          |     7 |     1 ||     8
 Armour: Skin              |     4 |     1 ||     5
  Dodge: Dodged            |    36 |    11 ||    47
